 Dungeon Crawl Stone Soup version 0.27.1-16-g815e20cd7a (webtiles) character file.

Game seed: 1207329082769928837

32 riftmaster1123 the Poker (level 3, 0/33 HPs)
             Began as a Minotaur Monk on Nov 21, 2021.
             Slain by Crazy Yiuf (13 damage)
             ... on level 2 of the Dungeon.
             The game lasted 00:06:52 (806 turns).

riftmaster1123 the Poker (Minotaur Monk)             Turns: 806, Time: 00:06:52

Health: 0/33       AC: 10    Str: 16    XL:     3   Next: 8%
Magic:  2/2        EV:  7    Int:  7    God:
Gold:   33         SH:  0    Dex: 12    Spells: 2/2 levels left

rFire    x . .     SeeInvis .   a - +0 spear
rCold    + . .     Faith    .   (no shield)
rNeg     . . .     Spirit   .   d - +0 chain mail
rPois    +         Reflect  .   (helmet restricted)
rElec    .         Harm     .   f - +1 cloak {rPois}
rCorr    .         Rampage  .   (no gloves)
Will     .....                  (no boots)
Stlth    ..........             (no amulet)
HPRegen  0.11/turn              c - ring of ice
MPRegen  0.08/turn              (no ring)

@: no status effects
A: horns 2, retaliatory headbutt
a: no special abilities


You were on level 2 of the Dungeon.
You visited 1 branch of the dungeon, and saw 2 of its levels.

You collected 33 gold pieces.

Inventory:

Hand Weapons
 a - a +0 spear (weapon)
Missiles
 g - 60 stones (quivered)
Armour
 b - a +0 robe
 d - a +0 chain mail (worn)
 f - a +1 cloak of poison resistance (worn)
Jewellery
 c - a ring of ice (left hand)
Scrolls
 h - a scroll of teleportation {unknown}
 i - a scroll of amnesia {unknown}
Potions
 j - a potion of flight {unknown}


   Skills:
 + Level 3.8 Fighting
 + Level 4.4 Polearms
 * Level 0.8 Armour
 + Level 3.7 Dodging
 + Level 1.6 Stealth


You had 2 spell levels left.
You didn't know any spells.
Your spell library was empty.

Dungeon Overview and Level Annotations

Branches:
Dungeon (2/15)

Altars:

Annotations:
D:2 Crazy Yiuf


Innate Abilities, Weirdness & Mutations

You have a pair of horns on your head.
You reflexively headbutt those who attack you in melee.


Message History

h - a scroll labelled XAFY GOHEOHA
Found a blue potion.
A hobgoblin comes into view.
Found a scroll labelled LEM HIBIQA YGH.
The hobgoblin shouts!
The hobgoblin hits you but does no damage.
You hit the hobgoblin but do no damage. The hobgoblin closely misses you.
You barely miss the hobgoblin. The hobgoblin barely misses you.
You furiously retaliate!
You headbutt the hobgoblin, but do no damage.
You hit the hobgoblin.
The hobgoblin is moderately wounded.
The hobgoblin hits you but does no damage.
You closely miss the hobgoblin. Your headbutt misses the hobgoblin.
The hobgoblin is moderately wounded.
The hobgoblin barely misses you.
You hit the hobgoblin.
You kill the hobgoblin!
i - a scroll labelled LEM HIBIQA YGH
j - a blue potion
Found a mace.
Found a runed translucent door.
Crazy Yiuf shouts!
Crazy Yiuf whimpers, "Hah!
Castle spinner wrapper."
You open the door. You closely miss Crazy Yiuf.
You hit Crazy Yiuf but do no damage.
Crazy Yiuf hits you with a +4 quarterstaff of chaos!
Crazy Yiuf burns you.
You hit Crazy Yiuf but do no damage. Crazy Yiuf barely misses you.
You closely miss Crazy Yiuf.
Crazy Yiuf hits you with a +4 quarterstaff of chaos!
* * * LOW HITPOINT WARNING * * *
You hit Crazy Yiuf but do no damage.
Crazy Yiuf hits you with a +4 quarterstaff of chaos.
* * * LOW HITPOINT WARNING * * *
Crazy Yiuf burns you.
* * * LOW HITPOINT WARNING * * *
It was a potion of curing.
You feel better.
Crazy Yiuf hits you with a +4 quarterstaff of chaos!
You die...

#####....###
#....#
#....#
##...# ##.##
##.# #.##
##.# #@##
#g# ...
#...# #)..#
#####


You could see Crazy Yiuf.

Vanquished Creatures
  A dart slug (D:1)
  4 endoplasms (D:1)
  A giant cockroach (D:2)
  A goblin (D:1)
  4 hobgoblins
  4 jackals (D:1)
  2 quokkas (D:1)
  2 ball pythons (D:1)
  4 bats (D:1)
23 creatures vanquished.

Notes
Turn   | Place    | Note
-------+----------+-------------------------------------------
     0 | D:1      | riftmaster1123 the Minotaur Monk began the quest for the
                  | Orb.
     0 | D:1      | Reached XP level 1. HP: 19/19 MP: 0/0
   316 | D:1      | Reached skill level 4 in Polearms
   316 | D:1      | Reached XP level 2. HP: 25/27 MP: 1/1
   408 | D:1      | Found a faded altar of an unknown god.
   632 | D:1      | Reached XP level 3. HP: 30/33 MP: 2/2
   796 | D:2      | Found a runed translucent door.
   797 | D:2      | Noticed Crazy Yiuf
   806 | D:2      | Slain by Crazy Yiuf

Illustrated notes

Levels and vault maps discovered:
D:1:      minmay_arrival_three_doors, layout_basic,
          hellmonk_ecumenical_altar_dog_temple
D:2:      layout_basic, uniq_crazy_yiuf_cottage

Skill      XL: |  1 |
---------------+----+-----
Polearms       | 4 |  4.4
Fighting       | |  3.8
Armour         | |  0.8
Dodging        | |  3.7
Stealth        | |  1.6

Action                   || total
-------------------------++-------
Melee: Spear             ||    62
       Headbutt          ||     9
  Use: Potion            ||     1
 Stab: Sleeping          ||     1
Armor: Chain mail        ||    23
Dodge: Dodged            ||    19
